 Dungeon Crawl Stone Soup version 0.13-a0-3104-gb5885e9 (webtiles) character file.

167 Malachi the Chiller (level 4, 0/30 HPs)
             Began as a Demonspawn Ice Elementalist on Sept 19, 2013.
             Killed from afar by Crazy Yiuf (13 damage)
             ... with a wand of flame
             ... on Level 2 of the Dungeon.
             The game lasted 00:05:02 (2513 turns).

Malachi the Chiller (Demonspawn Ice Elementalist)   Turns: 2513, Time: 00:05:02

HP   0/30        AC  2     Str 10      XL: 4   Next: 23%
MP   0/8         EV 12     Int 17      God:
Gold 83          SH  0     Dex 13      Spells:  1 memorised,  6 levels left

Res.Fire  : . . .   See Invis. : .   (no weapon)
Res.Cold  : . . .   Warding    : .   a - +0 robe
Life Prot.: . . .   Conserve   : .   (no shield)
Res.Poison: .       Res.Corr.  : .   (no helmet)
Res.Elec. : .       Clarity    : .   (no cloak)
Sust.Abil.: . .     Spirit.Shd : +   (no gloves)
Res.Mut.  : .       Stasis     : .   (no boots)
Res.Rott. : .       Flight     : .   (no amulet)
Saprovore : . . .                    (no ring)
                                     h - +1 ring of strength

@: drained, slightly resistant to hostile enchantments, unstealthy
A: hooves 1, magic shield
a: no special abilities


You were on level 2 of the Dungeon.
You were hungry.

You visited 1 branch of the dungeon, and saw 2 of its levels.

You collected 63 gold pieces.

Inventory:

Armour
 a - a +0 robe (worn)
Comestibles
 c - 2 bread rations
 d - a meat ration
 m - a rotting chunk of bat flesh
Scrolls
 e - 3 scrolls of noise {unknown}
 f - a scroll of fear {unknown}
 g - 2 scrolls of fog {unknown}
 i - a scroll of identify {unknown}
 n - a scroll of teleportation {unknown}
Jewellery
 h - a +1 ring of strength (left hand)
Potions
 j - 3 potions of curing {unknown}
 k - a potion of restore abilities {unknown}
 l - a potion of brilliance {unknown}
Books
 b - a book of Frost

   Spells                             Type                      Level
   *Freeze                            Ice                          1
   Throw Frost                        Conjuration/Ice              2
   Ozocubu's Armour                   Charms/Ice                   3
   Throw Icicle                       Conjuration/Ice              4
   Summon Ice Beast                   Ice/Summoning                4
   Condensation Shield                Ice                          4


   Skills:
 + Level 2.5(2.1) Dodging
 + Level 2.0(1.6) Stealth
 + Level 2.1(1.7) Spellcasting
   Level 1.0(0.6) Conjurations
 + Level 3.5(3.1) Ice Magic


You had 6 spell levels left.
You knew the following spells:

 Your Spells              Type           Power        Failure   Level  Hunger
a - Freeze                Ice            ##..         6%          1    #......


Dungeon Overview and Level Annotations

Branches:
Dungeon (2/27)

Altars:

Annotations:
D:2 Crazy Yiuf


Innate Abilities, Weirdness & Mutations

You have large cloven feet.
When hurt, damage is shared between your health and your magic reserves.


Message History

One of your 2 scrolls labeled KUZ NE KOX catches fire!
Casting: Freeze
Confirm with . or Enter, or press ? or * to list all spells.
Aiming: Freeze
Press: ? - help, Shift-Dir - straight line, f/p - Crazy Yiuf
Aim: Crazy Yiuf, wielding a quarterstaff of chaos, wearing an embroidered cloak and carrying a wand of flame {zapped: 1} (moderately wounded)
You freeze Crazy Yiuf.
Crazy Yiuf is heavily wounded.
Crazy Yiuf whimpers, "Dawk illywillydillykilly unthinkable!"
Crazy Yiuf hits you with a quarterstaff of chaos!
You feel drained.
Casting: Freeze
Confirm with . or Enter, or press ? or * to list all spells.
Aiming: Freeze
Press: ? - help, Shift-Dir - straight line, f/p - Crazy Yiuf
Aim: Crazy Yiuf, wielding a quarterstaff of chaos, wearing an embroidered cloak and carrying a wand of flame {zapped: 1} (heavily wounded)
You freeze Crazy Yiuf.
Crazy Yiuf is almost dead.
Crazy Yiuf zaps a wand.
The puff of flame hits you!
You die...

#.#.#
#.#.########
#.#....)...#
##########.#
♣♣♣♣♣♣##.#
♣♣♣♣♣♣♣♣##.##
#####♣♣♣.♣..#...#
#...#♣..♣.......#
#.g@..♣♣♣♣......#
#)..#♣♣♣♣♣♣.#..##
#####♣♣♣♣♣♣♣####
♣♣♣#


You could see Crazy Yiuf.

Vanquished Creatures
  Ijyb (D:2)
  2 adders (D:2)
  A giant gecko (D:1)
  An ooze (D:1)
  4 giant cockroaches
  9 goblins
  3 hobgoblins
  11 bats
  2 giant newts (D:1)
  4 jackals (D:1)
  5 kobolds (D:1)
  3 rats (D:2)
46 creatures vanquished.

Notes
Turn   | Place    | Note
--------------------------------------------------------------
     0 | D:1      | Malachi, the Demonspawn Ice Elementalist, began the quest for the Orb.
     0 | D:1      | Reached XP level 1. HP: 13/13 MP: 3/3
     3 | D:1      | Noticed a giant goldfish
     3 | D:1      | Noticed a giant goldfish
   370 | D:1      | Reached skill level 3 in Ice Magic
   446 | D:1      | Gained mutation: When hurt, damage is shared between your health and your magic reserves. [demonic ancestry]
   446 | D:1      | Reached XP level 2. HP: 5/19 MP: 0/4
  1242 | D:1      | Gained mutation: You have large cloven feet. [demonic ancestry]
  1242 | D:1      | Reached XP level 3. HP: 24/24 MP: 3/5
  1779 | D:2      | Noticed Ijyb
  1796 | D:2      | Killed Ijyb
  2024 | D:2      | Reached XP level 4. HP: 10/30 MP: 2/8
  2503 | D:2      | Noticed Crazy Yiuf
  2513 | D:2      | Killed from afar by Crazy Yiuf

Action                   |  1- 3 |  4- 6 || total
-------------------------+-------+-------++-------
Melee: Unarmed           |    34 |     6 ||    40
 Cast: Freeze            |    61 |    18 ||    79
